 Dungeon Crawl Stone Soup version 0.24.0-123-gd5b16e6ec5 (webtiles) character file.

Game seed: 7390151875922840685, levelgen mode: deterministic

21 Descartes the Skirmisher (level 3, -2/29 HPs)
             Began as a Formicid Abyssal Knight on Feb 2, 2020.
             Was a Follower of Lugonu.
             Slain by an adder (3 damage)
             ... on level 2 of the Dungeon.
             The game lasted 00:01:32 (866 turns).

Descartes the Skirmisher (Formicid Abyssal Knight)   Turns: 866, Time: 00:01:33

Health: -2/29      AC:  3    Str: 16    XL:     3   Next: 5%
Magic:  4/4        EV:  9    Int: 11    God:    Lugonu [*.....]
Gold:   20         SH:  7    Dex: 11    Spells: 2/2 levels left

rFire    . . .     SeeInvis +   a - +1 hand axe
rCold    . . .     Gourm    .   e - +0 shield
rNeg     . . .     Faith    .   b - +0 leather armour
rPois    .         Spirit   .   (helmet unavailable)
rElec    .         Reflect  .   (no cloak)
rCorr    .         Harm     .   (no gloves)
MR       .....                  (no boots)
Stlth    +.........             (no amulet)
HPRegen  0.09/turn              (no ring)
MPRegen  0.09/turn              (no ring)

@: lethally poisoned (-2 -> -11)
A: permanent stasis, dig shafts and tunnels, four strong arms, antennae 3
a: Dig, Shaft Self, Depart the Abyss, Renounce Religion


You were on level 2 of the Dungeon.
You worshipped Lugonu.
Lugonu was aware of your devotion.
You were not hungry.

You visited 1 branch of the dungeon, and saw 2 of its levels.
You visited the Abyss 1 time.

You collected 20 gold pieces.

Inventory:

Hand Weapons
 a - a +1 hand axe (weapon)
Missiles
 d - 25 sling bullets
 h - 6 boomerangs (quivered)
 j - 30 stones
 l - 19 arrows
Armour
 b - a +0 leather armour (worn)
 e - a +0 shield (worn)
Jewellery
 k - a +4 ring of dexterity {unknown}
 p - an uncursed ring of stealth {unknown}
Scrolls
 f - a scroll of enchant weapon {unknown}
 g - a scroll of remove curse {unknown}
 i - a scroll of teleportation {unknown}
 o - a scroll of identify {unknown}
Potions
 n - a potion of curing {unknown}
Comestibles
 c - 2 rations
 m - 2 chunks of flesh


   Skills:
 + Level 3.4 Fighting
 + Level 2.1 Axes
 + Level 2.4 Armour
 + Level 1.1 Dodging
 * Level 1.4 Shields
 + Level 2.5 Invocations


You had 2 spell levels left.
You didn't know any spells.
Your spell library was empty.

Dungeon Overview and Level Annotations

Branches:
Dungeon (2/15)

Altars:


Innate Abilities, Weirdness & Mutations

You cannot be hasted, slowed, berserked, paralysed or teleported.
You can dig through walls and to a lower floor.
Your four strong arms can wield two-handed weapons with a shield.
You have a pair of large antennae on your head. (SInv)


Message History

You are more poisoned.
The adder poisons you!
You hit the adder.
The adder is almost dead.
* * * LOW HITPOINT WARNING * * *
You feel sick. The adder closely misses you. x2
You hit the adder but do no damage.
The adder is almost dead.
* * * LOW HITPOINT WARNING * * *
You feel sick. The adder bites you.
* * * LOW HITPOINT WARNING * * *
You are more poisoned.
The adder poisons you!
You miss the adder.
The adder is almost dead.
* * * LOW HITPOINT WARNING * * *
You feel sick. The adder bites you.
* * * LOW HITPOINT WARNING * * *
The adder bites you.
You die...

#...# ##...# ..
######....# ...
#....#....## ######...
#..........# #......#
##....##...### #......#
.......#.....# #?!....#
##.....##.##.#
#†.....##
#.....##.##.###@S......
##....##÷##.........###
#.#.....#........#.#
#.#.###.#........# #
#................#
####.####........#
######.####........#
......[...#........#
.##########........#


You could see an adder.

Vanquished Creatures
  An adder (D:2)
  2 leopard geckos
  A bat (D:1)
  A goblin (D:2)
  2 hobgoblins (D:1)
  A frilled lizard (D:2)
  3 rats
11 creatures vanquished.

Notes
Turn   | Place    | Note
-------+----------+-------------------------------------------
     0 | Abyss:1  | Descartes the Formicid Abyssal Knight began the quest for
                  | the Orb.
     0 | Abyss:1  | Reached XP level 1. HP: 18/18 MP: 2/2
    46 | Abyss:1  | Found a corrupted altar of Lugonu.
    86 | Abyss:1  | Noticed a raiju
    89 | D:1      | Escaped the Abyss
   442 | D:1      | Reached skill level 1 in Dodging
   675 | D:1      | Reached XP level 2. HP: 21/24 MP: 3/3
   720 | D:2      | Reached skill level 1 in Shields
   741 | D:2      | Reached XP level 3. HP: 24/29 MP: 4/4
   862 | D:2      | Reached * piety under Lugonu
   866 | D:2      | HP: 1/29 [adder (2)]
   866 | D:2      | Slain by an adder

Levels and vault maps discovered:
D:1:      evilmike_arrival_fibonacci_small, layout_basic
D:2:      layout_basic, minivault_11

Skill      XL: |  1  2 |
---------------+-------+-----
Dodging        | 1 |  1.1
Shields        | 1 |  1.4
Fighting       | |  3.4
Axes           | |  2.1
Armour         | |  2.4
Invocations    | |  2.5

Action                   || total
-------------------------++-------
Melee: Hand axe          ||    38
Invok: Depart the Abyss  ||     1
Armor: Leather armour    ||     7
Dodge: Dodged            ||    19
Block: Shield            ||    18
